 Dungeon Crawl Stone Soup version 0.30-a0-722-g3e6e8c874d (webtiles) character file.

Game seed: 6345826758936849041

512 retardedninja the Ducker (level 6, 0/48 HPs)
             Began as a Demonspawn Gladiator on Jan 27, 2023.
             Was a Follower of Dithmenos.
             Slain by an ogre
             ... wielding a +0 giant club
              (20 damage)
             ... on level 4 of the Dungeon.
             The game lasted 00:05:37 (3969 turns).

retardedninja the Ducker (Demonspawn Gladiator)     Turns: 3969, Time: 00:05:38

Health: 0/48       AC: 12    Str: 16    XL:     6   Next: 99%
Magic:  6/6        EV: 11    Int:  9    God:    Dithmenos [*.....]
Gold:   296        SH:  0    Dex: 15    Spells: 5/5 levels left

rFire   + . .      SeeInvis .    a - +0 trident
rCold   + + +      Faith    .    (no shield)
rNeg    . . .      Spirit   .    r - +2 scale mail {rC+}
rPois   +          Reflect  .    t - +1 helmet
rElec   +          Harm     .    (no cloak)
rCorr   +          Rampage  .    (no gloves)
Will    .....                    (no boots) Stlth
                                 (no amulet)
HPRegen 0.28/turn                k - ring of protection from cold
MPRegen 0.10/turn                (no ring)

@: mighty, resistant, attractive, wreathed by umbra
A: hooves 2, molten scales 1, ignite blood 1
a: Renounce Religion


You were on level 4 of the Dungeon.
You worshipped Dithmenos.
Dithmenos was aware of your devotion.
You visited 1 branch of the dungeon, and saw 4 of its levels.
You also visited: Sewer.

You collected 296 gold pieces.

Inventory:

Hand Weapons
 a - a +0 trident (weapon)
Missiles
 d - 3 throwing nets (quivered)
 e - a javelin
Armour
 r - a +2 scale mail of cold resistance (worn)
 t - a +1 helmet (worn)
Jewellery
 g - an amulet of faith
 k - a ring of protection from cold (left hand)
Scrolls
 b - a scroll of silence
 c - a scroll of magic mapping {unknown}
 h - 2 scrolls of teleportation
 i - a scroll of identify
 j - a scroll of blinking {unknown}
 m - a scroll of enchant armour {unknown}
 o - a scroll of immolation {unknown}
 u - a scroll of fear {unknown}
 v - a scroll of noise {unknown}
Potions
 f - 5 potions of flight
 p - a potion of ambrosia
 q - a potion of brilliance


   Skills:
 + Level 4.1 Fighting
 + Level 4.2 Polearms
 + Level 3.7 Throwing
 + Level 4.3 Dodging


You had 5 spell levels left.
You didn't know any spells.
Your spell library was empty.

Dungeon Overview and Level Annotations

Branches:
Dungeon (4/15)              Sewer (visited)
 Temple: D:4-7

Altars:
Ashenzari
Dithmenos
Gozag


Innate Abilities, Weirdness & Mutations

You have hoof-like feet.
You are partially covered in molten scales. (AC +2)
Your demonic aura sometimes causes spilled blood to erupt in flames.


Message History

No target in view!
Found a dagger.
Found a stone staircase leading down.
There is a stone staircase leading down here.
An ogre and a gnoll come into view.
The gnoll shouts!
The ogre moves out of view.
You see here a +0 dagger.
A gnoll is nearby!
A gnoll comes into view. It is wielding a +0 whip.
The gnoll shouts!
A gnoll comes into view. It is wielding a +0 whip. x2
There are monsters nearby!
The gnoll shouts! x2
There are monsters nearby!
You reach to attack!
You hit the gnoll but do no damage. The gnoll closely misses you.
You reach to attack!
You hit the gnoll.
The gnoll is heavily wounded.
The gnoll barely misses you.
You see here a +0 dagger.
There is a stone staircase leading down here.
The ogre attacks as you move away! The ogre barely misses you.
The ogre attacks as you move away! The ogre barely misses you.
It was a potion of magic.
Magic courses through your body. The ogre attacks as you move away!
The ogre misses you. The ogre attacks as you move away!
The ogre hits you with a +0 giant club! The ogre attacks as you move away!
The ogre hits you with a +0 giant club! The ogre attacks as you move away!
The ogre closely misses you.
It was a potion of resistance.
You feel protected. The ogre attacks as you move away!
The ogre hits you with a +0 giant club.
It was a potion of curing.
You feel better. The ogre hits you with a +0 giant club.
It was a potion of attraction.
You feel attractive to monsters. The gnoll is attracted toward you. x2
It was a potion of might.
You feel very mighty all of a sudden.
The ogre hits you with a +0 giant club!!
You die...

.....[..................##.###
....#.....#...............g..#
....#.....#..................#
....#.....#.....###..........#
....#.....##.......####+#g.###
....#.....##.......#
#...#######
..##......##.......#
#.......... ..#
.............g.#####.########
.... .......@Ogg§....# ....
...........########
..................#
..................#
..................#
...>..............#
..................#
....###...........#
#.........###


You could see an ogre and 3 gnolls.

Vanquished Creatures
  Sigmund (D:2)
  An ogre (D:4)
  A jelly (D:4)
  6 adders
  7 river rats (Sewer)
  A shadow imp (D:4)
  An ufetubus (D:3)
  2 worms (Sewer)
  2 dart slugs
  6 orcs (D:3)
  10 ball pythons
  7 endoplasms
  6 giant cockroaches
  7 goblins
  6 hobgoblins
  5 jackals
  2 kobolds
  4 quokkas
  5 bats
  3 frilled lizards
  4 rats
87 creatures vanquished.

Notes
Turn   | Place    | Note
-------+----------+-------------------------------------------
     0 | D:1      | retardedninja the Demonspawn Gladiator began the quest for
                  | the Orb.
     0 | D:1      | Reached XP level 1. HP: 16/16 MP: 1/1
   176 | D:1      | Gained mutation: You have large cloven feet. [demonic
                  | ancestry]
   176 | D:1      | Reached XP level 2. HP: 18/22 MP: 2/2
   899 | D:2      | You fall into a shaft and drop 1 floor!
   906 | D:3      | Gained mutation: You are partially covered in molten
                  | scales. (AC +2) [demonic ancestry]
   906 | D:3      | Reached XP level 3. HP: 28/28 MP: 3/3
  1209 | D:2      | Noticed Sigmund
  1221 | D:2      | Killed Sigmund
  1222 | D:2      | Gained mutation: Your demonic aura sometimes causes spilled
                  | blood to erupt in flames. [demonic ancestry]
  1222 | D:2      | Reached XP level 4. HP: 35/35 MP: 4/4
  1222 | D:2      | Gained mutation: You have hoof-like feet. [demonic
                  | ancestry]
  1222 | D:2      | Reached XP level 5. HP: 41/41 MP: 5/5
  1711 | D:3      | Found a broken altar of Ashenzari.
  2013 | D:3      | Found an opulent altar of Gozag.
  2051 | D:3      | Found a shadowy altar of Dithmenos.
  2060 | D:3      | Became a worshipper of Dithmenos the Shadowed
  2245 | D:4      | Reached XP level 6. HP: 42/47 MP: 6/6
  2648 | D:4      | Found a glowing drain.
  2652 | Sewer    | Entered a sewer
  3527 | Sewer    | Reached * piety under Dithmenos
  3969 | D:4      | Slain by an ogre

Illustrated notes

Levels and vault maps discovered:
D:1:      minmay_arrival_diagonal_passages, layout_loops_ring
D:2:      minmay_evil_eye, layout_basic, hangedman_decor_push,
          minmay_misc_feat_plants, uniq_sigmund
D:3:      minmay_diamond_boxcup, layout_loops_ring,
          nicolae_overflow_crystal_walls, lemuel_doored_altar,
          lemuel_round_altar
D:4:      layout_basic, gup_sewer_entry_bowl

Skill      XL: |  1  2  3  4  5  6 |
---------------+-------------------+-----
Throwing       | 2 3 |  3.7
Dodging        | 3 4 |  4.3
Polearms       | 3 4 |  4.2
Fighting       | 3 4 |  4.1

Action                     |  1- 3 |  4- 6 || total
---------------------------+-------+-------++-------
  Melee: Trident           |    89 |   216 ||   305
         Kick              |    16 |    23 ||    39
         Punch             |     1 |     1 ||     2
    Use: Potion            |     1 |     9 ||    10
         Scroll            |       |     5 ||     5
   Stab: Sleeping          |     4 |       ||     4
 Armour: Leather armour    |    26 |       ||    26
         Scale mail        |       |   101 ||   101
         Ring mail         |       |     4 ||     4
  Dodge: Dodged            |    50 |   129 ||   179

Table legend: (Time is in decaauts)
 A = Elapsed time spent in this place.
 B = Non-inter-level travel time spent in this place.
 C = Inter-level travel time spent in this place.
 D = Time resting spent in this place.
 E = Time spent auto-exploring this place.
 F = Levels seen in this place.
 G = Mean time per level.
                   A        B        C        D        E       F      G
               +--------+--------+--------+--------+--------+-----+--------+
         Total |   4155 |   4091 |     64 |    495 |   2821 |   5 |  831.0 |
       Dungeon |   2858 |   2794 |     64 |    157 |   2128 |   4 |  714.5 |
         Sewer |   1297 |   1297 |      0 |    338 |    692 |   1 | 1297.0 |
               +--------+--------+--------+--------+--------+-----+--------+

Top non-repeatable levels by time:
   Sewer: 1297 daAuts
     D:2: 918 daAuts
     D:3: 754 daAuts
     D:4: 625 daAuts
     D:1: 559 daAuts
